 Dungeon Crawl Stone Soup version 0.19.5 (webtiles) character file.

451 GeneralBison the Grave Robber (level 6, 0/51 HPs)
             Began as a Deep Dwarf Necromancer on May 24, 2017.
             Shot with an arrow by a centaur (6 damage)
             ... on level 7 of the Dungeon on May 25, 2017.
             The game lasted 00:40:43 (2027 turns).

GeneralBison the Grave Robber (DDNe)                Turns: 2027, Time: 00:40:44

Health: 0/51       AC:  7    Str: 12    XL:     6   Next: 75%
Magic:  8/10       EV: 13    Int: 17    God:
Gold:   166        SH:  0    Dex: 13    Spells: 2 memorised, 10 levels left

rFire  . . .     SeeInvis .     t - +2 hand axe (freeze)
rCold  . . .     Gourm    .     a - +2 robe
rNeg   . . .     Faith    .     (no shield)
rPois  .         Spirit   .     i - +2 helmet
rElec  .         Reflect  .     (no cloak)
rCorr  .         Harm     .     (no gloves)
MR     .....                    (no boots)
Stlth  ++........               (no amulet)
                                (no ring)
                                (no ring)

@: non-regenerating
A: damage resistance, recharge devices, sense surroundings 1, slow regeneration
3
a: Device Recharging


You were on level 7 of the Dungeon.
You were not hungry.

You visited 1 branch of the dungeon, and saw 7 of its levels.

You collected 166 gold pieces.

Inventory:

Hand Weapons
 g - a +0 dagger
 h - a +0 club
 j - a +0 club
 k - a +0 club
 l - a +0 hand axe
 m - a +0 club
 n - a +0 dagger
 s - a +0 spear
 t - a +2 hand axe of freezing (weapon)
 v - a +0 blowgun
 w - a cursed +0 dagger
 y - a +0 giant spiked club
 z - a cursed -1 giant club
 A - a +0 flail
Missiles
 e - 67 stones (quivered)
 r - 32 arrows
 u - 15 poisoned needles
Armour
 a - a +2 robe (worn)
 f - a +0 ring mail
 i - a +2 helmet (worn)
 p - a +0 scale mail
 x - a +0 pair of gloves
 C - a +0 robe
Wands
 c - a wand of heal wounds (2/9)
 B - a wand of acid (9/15)
Scrolls
 o - a scroll of recharging
 q - a scroll of enchant armour
Potions
 D - a potion of agility
Books
 b - a book of Necromancy

   Spells                             Type                      Level
   a - Pain                           Necromancy                   1
   b - Animate Skeleton               Necromancy                   1
   c - Vampiric Draining              Necromancy                   3
   d - Regeneration                   Charms/Necromancy            3
   e - Animate Dead                   Necromancy                   4
   f - Control Undead                 Necromancy                   4
Comestibles
 d - a bread ration


   Skills:
 + Level 1.0 Fighting
 + Level 2.0 Axes
 + Level 0.1 Throwing
 + Level 2.9 Dodging
 - Level 2.8 Stealth
 + Level 0.1 Unarmed Combat
 + Level 3.8 Spellcasting
 + Level 6.5 Necromancy
 + Level 0.6 Evocations


You had 10 spell levels left.
You knew the following spells:

 Your Spells              Type           Power        Failure   Level  Hunger
a - Pain                  Necr           ####         1%          1    None
b - Animate Skeleton      Necr           N/A          1%          1    None


Dungeon Overview and Level Annotations

Branches:
Dungeon (7/15)
 Temple: D:4-7

Altars:


Innate Abilities, Weirdness & Mutations

You are resistant to damage.
You can recharge devices by infusing magical energy.
You passively map a small area around you.
You do not regenerate.


Message History

Press: ? - help, Shift-Dir - straight line, f/p - centaur
Aim: a centaur, wielding a shortbow (heavily wounded, covered in acid, chance to defeat MR: 84%)
The centaur writhes in agony!
The centaur shoots an arrow.
The arrow hits you but does no damage.
Casting: Pain
Confirm with . or Enter, or press ? or * to list all spells.
Aiming: Pain
Press: ? - help, Shift-Dir - straight line, f/p - centaur
Aim: a centaur, wielding a shortbow (heavily wounded, covered in acid, chance to defeat MR: 84%)
The centaur writhes in agony!
The centaur shoots an arrow.
The arrow hits you!
* * * LOW HITPOINT WARNING * * *
The centaur shoots an arrow.
The arrow barely misses you.
Evoke which item? (* to show all) (? for menu, Esc to quit)
Zapping:
c - a wand of heal wounds (3/9)
Press: ? - help, Shift-Dir - straight line, f - you, p - centaur You feel much better.
This wand has 2 charges left.
The centaur shoots an arrow.
The arrow hits you!
* * * LOW HITPOINT WARNING * * *
The centaur shoots an arrow.
The arrow hits you!
You die...

#...#...............#
#...######.........[#
........###'########
,.......#....# ##+#
#...#....# , ,
#...##...'....#,,,,*
#....(...#....# , ,
#........##...#* , ,
#...@....##...#
#...##(..##..... ,
#... #...##...###
#... ...c.....#*
#..............
#........##...
#........#*...*
#......... .
#........$., ,,


You could see a centaur.

Vanquished Creatures
  2 ogres (D:4)
  A bullfrog (D:6)
  A crimson imp (D:7)
  3 worker ants
  2 adders
  A shadow imp (D:4)
  2 oozes (D:1)
  A dart slug (D:1)
  An orc (D:5)
  4 bats
  2 giant cockroaches
  6 goblins
  7 hobgoblins
  A quokka (D:3)
  A ball python (D:2)
  3 frilled lizards
  2 kobolds
  7 rats
47 creatures vanquished.

Vanquished Creatures (collateral kills)
  A howler monkey (D:4)
  An iguana (D:4)
  An adder (D:3)
  A bat (D:1)
  A kobold (D:3)
5 creatures vanquished.

Grand Total: 52 creatures vanquished

Notes
Turn   | Place    | Note
-------+----------+-------------------------------------------
     0 | D:1      | GeneralBison the Deep Dwarf Necromancer began the quest for the Orb.
     0 | D:1      | Reached XP level 1. HP: 15/15 MP: 3/3
    19 | D:1      | Learned a level 1 spell: Animate Skeleton
   122 | D:1      | Reached XP level 2. HP: 5/22 MP: 0/4
   187 | D:1      | Reached skill level 5 in Necromancy
   613 | D:2      | Reached XP level 3. HP: 28/28 MP: 0/5
  1181 | D:3      | Reached XP level 4. HP: 23/36 MP: 0/7
  1259 | D:4      | Noticed an ogre
  1384 | D:4      | Killed an ogre
  1384 | D:4      | Reached skill level 1 in Axes
  1384 | D:4      | Reached XP level 5. HP: 19/43 MP: 2/9
  1429 | D:4      | Noticed an ogre
  1445 | D:4      | Killed an ogre
  1445 | D:4      | Reached skill level 6 in Necromancy
  1445 | D:4      | Reached XP level 6. HP: 12/50 MP: 0/10
  1677 | D:5      | Entered Level 5 of the Dungeon
  1928 | D:7      | Reached skill level 1 in Fighting
  2024 | D:7      | HP: 2/51 [centaur/arrow (11)]
  2027 | D:7      | Shot with an arrow by a centaur

Skill      XL: |  1  2  3  4  5  6 |
---------------+-------------------+-----
Necromancy     | 5 6 |  6.5
Spellcasting   | 2 3 |  3.8
Axes           | 1 2 |  2.0
Fighting       | 1 |  1.0
Throwing       | |  0.1
Dodging        | |  2.9
Stealth        | |  2.8
Unarmed Combat | |  0.1
Evocations     | |  0.6

Action                   |  1- 3 |  4- 6 || total
-------------------------+-------+-------++-------
Melee: Unarmed           |    18 |       ||    18
       Club              |    27 |       ||    27
       Hand axe          |    30 |    50 ||    80
Throw: Stone             |     5 |    14 ||    19
       Tomahawk          |       |     1 ||     1
 Cast: Pain              |    48 |    43 ||    91
       Animate Skeleton  |     9 |     4 ||    13
 Abil: Device Recharging |       |     1 ||     1
Evoke: Wand              |     1 |     7 ||     8
  Use: Scroll            |     5 |     4 ||     9
       Potion            |       |     2 ||     2
  Eat: Chunk             |     2 |       ||     2
       Pizza             |     1 |       ||     1
       Bread ration      |       |     1 ||     1
Armor: Robe              |    11 |    17 ||    28
Dodge: Dodged            |    43 |    91 ||   134
